 Dungeon Crawl Stone Soup version 0.24-a0-446-g87df7205b4 (webtiles) character file.

Game seed: 17026380066525568858

7 Gargoyl the Skirmisher (level 1, -7/19 HPs)
             Began as a Centaur Abyssal Knight on June 24, 2019.
             Was a Follower of Lugonu.
             Mangled by a lorocyproca (9 damage)
             ... on level 2 of the Abyss.
             The game lasted 00:00:40 (79 turns).

Gargoyl the Skirmisher (Centaur Abyssal Knight)       Turns: 79, Time: 00:00:40

Health: -7/19      AC:  4    Str: 14    XL:     1   Next: 83%
Magic:  2/2        EV:  9    Int: 16    God:    Lugonu [*.....]
Gold:   19         SH:  0    Dex:  4    Spells: 0/0 levels left

rFire    . . .     SeeInvis .   a - +1 hand axe
rCold    . . .     Gourm    .   (no shield)
rNeg     . . .     Faith    .   b - +0 leather armour
rPois    .         Spirit   .   (no helmet)
rElec    .         Reflect  .   (no cloak)
rCorr    .         Harm     .   (no gloves)
MR       .....                  (no barding)
Stlth    ..........             (no amulet)
HPRegen  0.06/turn              (no ring)
MPRegen  0.08/turn              (no ring)

@: brilliant, very quick
A: large, hooves 3, [blurry vision 2], [clumsy 2], deformed body, speed 2, tough
skin 3
a: Depart the Abyss, Renounce Religion


You were on level 2 of the Abyss.
You worshipped Lugonu.
Lugonu was aware of your devotion.
You were not hungry.

You visited 0 branches of the dungeon, and saw 0 of its levels.
You visited the Abyss 1 time.

You collected 19 gold pieces.

Inventory:

Hand Weapons
 a - a +1 hand axe (weapon)
Armour
 b - a +0 leather armour (worn)
Miscellaneous
 e - a lamp of fire (inert)
Comestibles
 c - a ration


   Skills:
 + Level 3.2 Fighting
 + Level 1.8 Axes
 + Level 1.4 Armour
 + Level 0.6 Dodging
 + Level 2.0 Invocations


You couldn't memorise any spells.
You didn't know any spells.
Your spell library was empty.

Dungeon Overview and Level Annotations

Branches:
Dungeon (0/15)

Altars:


Innate Abilities, Weirdness & Mutations

You have hooves in place of feet.
Armour fits poorly on your strangely shaped body.
You cover ground very quickly.
You have extremely tough skin. (AC +3)
[Scrolls take you longer to read.]
[You are very clumsy. (Dex -4)]


Message History

You feel clever all of a sudden. The white imp gestures at you.
The puff of frost misses you.
You hit the white imp.
You kill the white imp!
A white imp comes into view.
A tentacled starspawn comes into view.
Tentacles burst from the starspawn's body! 2 starspawn tentacles come into view.
A wretched star comes into view.
A tentacle flies out from the starspawn's body!
A starspawn tentacle comes into view.
The flying skull gives a hideous shriek!
The wretched star pulses with an eldritch light!
Your vision blurs. x2
You hear a chilling moan.
The wretched star pulses with an eldritch light!
You feel clumsy. x2
Something hits you!
You die...

## #......X# # .
#.
#####*...#..X#.#
.##.##....#####w#
.#.#z..#..# ## #
#.##.#.##.## w
#.#.#..#.. #
#..#.#.##..
#.#.##....##
#@....##.
#.#...#..#. ..#
.....#.#. #.#
##..## . ... ....
##. #.##. . .. ##
..


You could see a wretched star and a flying skull.

Vanquished Creatures
  A white imp (Abyss:2)
1 creature vanquished.

Vanquished Creatures (others)
  4 starspawn tentacles (Abyss:2)
4 creatures vanquished.

Grand Total: 5 creatures vanquished

Notes
Turn   | Place    | Note
-------+----------+-------------------------------------------
     0 | Abyss:1  | Gargoyl the Centaur Abyssal Knight began the quest for the
                  | Orb.
     0 | Abyss:1  | Reached XP level 1. HP: 19/19 MP: 2/2
    27 | Abyss:2  | Found a corrupted altar of Lugonu.
    64 | Abyss:2  | Noticed a tentacled starspawn
    70 | Abyss:2  | Noticed a wretched star
    72 | Abyss:2  | Noticed a flying skull
    79 | Abyss:2  | Mangled by a lorocyproca

Levels and vault maps discovered:
Abyss:2:  hangedman_abyss_stitches_cave

Action                   || total
-------------------------++-------
Melee: Hand axe          ||     2
       Kick              ||     1
Evoke: Lamp of fire      ||     1
  Use: Potion            ||     1
Dodge: Dodged            ||     2

Table legend:
 A = Non-vault XP
 B = Vault XP
 C = Vault XP percentage of total XP
 D = Non-vault monster count
 E = Vault monster count
 F = Vault count percentage of total count
                 A         B        C        D         E       F
            +---------+---------+-------+---------+---------+-------
      Total |      10 |       0 |   0.0 |       1 |       0 |   0.0
            +---------+---------+-------+---------+---------+-------
    Abyss:2 |      10 |       0 |   0.0 |       1 |       0 |   0.0
            +---------+---------+-------+---------+---------+-------
